 Dungeon Crawl Stone Soup version 0.27-a0-998-g4cfe56dd59 (webtiles) character file.

Game seed: 2604815301914905506

81 Lugonue the Slasher (level 4, -1/40 (42) HPs)
             Began as a Deep Dwarf Berserker on Apr 16, 2021.
             Was a Follower of Trog.
             Slain by Crazy Yiuf
             ... wielding a +4 quarterstaff of chaos
              (9 damage)
             ... on level 2 of the Dungeon.
             The game lasted 00:03:21 (1491 turns).

Lugonue the Slasher (Deep Dwarf Berserker)          Turns: 1491, Time: 00:03:21

HP:   -1/40 (42)    AC:  5    Str: 21    XL:     4   Next: 19%
MP:   4/4           EV: 11    Int:  8    God:    Trog [*.....]
Gold: 920           SH:  0    Dex: 12    Spells: 3/3 levels left

rFire    . . .     SeeInvis .   a - +0 falchion (venom)
rCold    . . .     Faith    .   (no shield)
rNeg     . . .     Spirit   .   m - +0 ring mail
rPois    .         Reflect  .   (no helmet)
rElec    .         Harm     .   d - scarf {+Inv}
rCorr    .         Rampage  .   (no gloves)
Will     .....                  (no boots)
Stlth    +.........             (no amulet)
HPRegen  0.00/turn              (no ring)
MPRegen  0.09/turn              (no ring)

@: non-regenerating, lightly drained
A: damage resistance, heal wounds, sense surroundings 1, no regeneration
a: Heal Wounds, Renounce Religion, Evoke Invisibility, Berserk


You were on level 2 of the Dungeon.
You worshipped Trog.
Trog was aware of your devotion.
You visited 1 branch of the dungeon, and saw 2 of its levels.

You collected 920 gold pieces.

Inventory:

Hand Weapons
 a - a +0 falchion of venom (weapon)
Missiles
 b - 14 poisoned darts (quivered)
Armour
 d - a scarf of invisibility (worn)
 m - a +0 ring mail (worn)
Potions
 c - a potion of heal wounds {unknown}
 f - a potion of ambrosia
 h - 2 potions of lignification


   Skills:
 + Level 3.2 Fighting
 + Level 4.0 Long Blades
 + Level 2.3 Armour
 + Level 2.5 Dodging
 + Level 0.4 Stealth
 * Level 1.6 Evocations


You had 3 spell levels left.
You didn't know any spells.
Your spell library was empty.

Dungeon Overview and Level Annotations

Branches:
Dungeon (2/15)

Altars:

Annotations:
D:2 Crazy Yiuf


Innate Abilities, Weirdness & Mutations

You are resistant to damage.
You can heal yourself by infusing magical energy.
You passively map a small area around you.
You do not regenerate.


Message History

It is a scroll of amnesia.
You feel forgetful for a moment.
As you read the scroll labelled FIOMUM YLUOHOMP, it crumbles to dust.
It is a scroll of brand weapon.
Your +0 falchion drips with poison.
a - a +0 falchion of venom (weapon)
As you read the scroll labelled GIYMIK CEAFOHE, it crumbles to dust.
You feel strangely unstable.
It was a scroll of teleportation.
As you read the scroll labelled BAEHOUM NEEJO, it crumbles to dust.
It is a scroll of identify.
h - 2 potions of lignification
As you read the scroll labelled WUECUIN KUJAH, it crumbles to dust.
You feel aware of your surroundings.
It was a scroll of magic mapping.
As you read the scroll of identify, it crumbles to dust.
f - a potion of ambrosia Your surroundings suddenly seem different.
There is an escape hatch in the ceiling here.
There is an open door here.
There is an open door here.
You see here a +0 mace.
You open the door. You barely miss Crazy Yiuf. Crazy Yiuf barely misses you.
You barely miss Crazy Yiuf.
Crazy Yiuf grits, "Earwax!
Whippet hand King."
Crazy Yiuf closely misses you.
You hit Crazy Yiuf.
Crazy Yiuf is moderately wounded.
Crazy Yiuf hits you with a +4 quarterstaff of chaos!
You feel drained.
You closely miss Crazy Yiuf.
Crazy Yiuf is moderately wounded.
Crazy Yiuf hits you with a +4 quarterstaff of chaos!
Crazy Yiuf freezes you.
* * * LOW HITPOINT WARNING * * *
You completely miss Crazy Yiuf.
Crazy Yiuf is moderately wounded.
Crazy Yiuf hits you with a +4 quarterstaff of chaos.
* * * LOW HITPOINT WARNING * * *
You are electrocuted!
You die...

#..))####.#
#######
#....# #.#
#.....#
♣....♣ #.#
#.....#
♣..)♣♣
#.###.....##
♣♣.♣♣
#..#>.......
♣.♣♣
#..#......##
♣♣.♣
##.#......#
♣.♣♣
#..#......#
♣♣@♣
##.#......#
*#g#*
#.........##
*...*
##.#......'.
#...#
#.##.....##
#..)#
##.##.....#
#####
#..########
#.########
#........#
#........#


You could see Crazy Yiuf.

Vanquished Creatures
  A howler monkey (D:2)
  2 adders (D:2)
  A dart slug (D:1)
  3 bats
  5 endoplasms
  A giant cockroach (D:2)
  A goblin (D:1)
  3 hobgoblins
  3 kobolds (D:1)
  A quokka (D:1)
  A ball python (D:2)
  2 rats (D:2)
24 creatures vanquished.

Notes
Turn   | Place    | Note
-------+----------+-------------------------------------------
     0 | D:1      | Lugonue the Deep Dwarf Berserker began the quest for the
                  | Orb.
     0 | D:1      | Reached XP level 1. HP: 20/20 MP: 1/1
   116 | D:1      | Reached XP level 2. HP: 13/27 MP: 2/2
   681 | D:2      | Noticed a howler monkey
   685 | D:2      | Killed a howler monkey
   686 | D:2      | Reached skill level 1 in Evocations
   686 | D:2      | Reached XP level 3. HP: 10/34 MP: 3/3
   861 | D:2      | HP: 1/34 [adder (3)]
   875 | D:2      | Reached skill level 4 in Long Blades
   875 | D:2      | Reached XP level 4. HP: 31/42 MP: 4/4
  1229 | D:2      | Found a runed translucent door.
  1230 | D:2      | Noticed Crazy Yiuf
  1299 | D:2      | Found a faded altar of an unknown god.
  1391 | D:2      | Identified a scroll of acquirement
  1391 | D:2      | Acquired 795 gold pieces
  1491 | D:2      | Slain by Crazy Yiuf

Illustrated notes

Levels and vault maps discovered:
D:1:      wander_arrival_abandoned_jail, layout_loops_ring, minivault_25
D:2:      layout_basic, shapermc_ecumenical_altar_notcrosses,
          kennysheep_generic_room_12, uniq_crazy_yiuf_cottage

Skill      XL: |  1  2  3 |
---------------+----------+-----
Fighting       | 3 |  3.2
Evocations     | 1 |  1.6
Long Blades    | 4 |  4.0
Armour         | |  2.3
Dodging        | |  2.5
Stealth        | |  0.4

Action                   |  1- 3 |  4- 6 || total
-------------------------+-------+-------++-------
Melee: Falchion          |    55 |    23 ||    78
Throw: Dart              |       |     3 ||     3
Invok: Berserk           |     1 |       ||     1
 Abil: Heal Wounds       |     1 |       ||     1
  Use: Scroll            |       |     8 ||     8
Armor: Animal skin       |     9 |       ||     9
       Ring mail         |       |    10 ||    10
Dodge: Dodged            |    31 |    13 ||    44
       Rpst.: Falchion   |     7 |     3 ||    10

Table legend: (Time is in decaauts)
 A = Elapsed time spent in this place.
 B = Non-inter-level travel time spent in this place.
 C = Inter-level travel time spent in this place.
 D = Time resting spent in this place.
 E = Time spent auto-exploring this place.
 F = Levels seen in this place.
 G = Mean time per level.
                   A        B        C        D        E       F      G
               +--------+--------+--------+--------+--------+-----+--------+
         Total |   1513 |   1487 |     26 |      0 |   1198 |   2 |  756.5 |
       Dungeon |   1513 |   1487 |     26 |      0 |   1198 |   2 |  756.5 |
               +--------+--------+--------+--------+--------+-----+--------+

Top non-repeatable levels by time:
     D:2: 827 daAuts
     D:1: 685 daAuts
